 Dungeon Crawl Stone Soup version 0.31-a0-1388-g4b2ba238e7 (webtiles) character file.

Game seed: 3120727255692205565

221 grandjackal the Slasher (level 5, -4/42 HPs)
             Began as a Demonspawn Gladiator on Dec 24, 2023.
             Slain by an orc
             ... wielding a +2 war axe of electrocution
              (6 damage)
             ... on level 4 of the Dungeon.
             The game lasted 00:02:19 (2668 turns).

grandjackal the Slasher (Demonspawn Gladiator)      Turns: 2668, Time: 00:02:20

Health: -4/42      AC:  7    Str: 15    XL:     5   Next: 65%
Magic:  5/5        EV: 13    Int:  8    God:
Gold:   166        SH:  0    Dex: 22    Spells: 4/4 levels left

rFire   . . .        a - +0 long sword
rCold   + . .        (no shield)
rNeg    . . .        w - +1 leather armour {rC+}
rPois   +            (helmet restricted)
rElec   .            j - +2 cloak
rCorr   .            (no gloves)
SInv    .            (no boots)
Will    .....        (no amulet)
Stlth   ++           t - +6 ring of dexterity
HPRegen 0.27/turn    b - ring of poison resistance
MPRegen 0.09/turn

%: no passive effects
@: no status effects
A: antennae 1, hooves 1
a: no special abilities


You were on level 4 of the Dungeon.
You visited 1 branch of the dungeon, and saw 4 of its levels.

You collected 166 gold pieces.

Inventory:

Hand Weapons
 a - a +0 long sword (weapon)
Missiles
 d - 3 throwing nets (quivered)
 e - 7 javelins
Armour
 c - a +0 helmet
 h - a +0 scale mail
 j - a +2 cloak (worn)
 w - a +1 leather armour of cold resistance (worn)
Jewellery
 b - a ring of poison resistance (right hand)
 t - a +6 ring of dexterity (left hand)
Scrolls
 i - 2 scrolls of identify {unknown}
 k - a scroll of poison {unknown}
 n - a scroll of vulnerability {unknown}
 o - a scroll of teleportation {unknown}
 p - a scroll of enchant armour {unknown}
 q - a scroll of blinking {unknown}
 r - a scroll of silence {unknown}
 s - a scroll of noise {unknown}
 u - a scroll of fog {unknown}
 x - a scroll of enchant weapon {unknown}
 y - a scroll of torment {unknown}
Potions
 f - a potion of resistance {unknown}
 g - a potion of curing {unknown}
 l - a potion of mutation {unknown}
 m - 3 potions of might {unknown}
 v - a potion of ambrosia {unknown}


   Skills:
 + Level 4.2 Fighting
 + Level 4.4 Long Blades
 - Level 2.0 Throwing
 - Level 3.0 Dodging


You had 4 spell levels left.
You didn't know any spells.
Your spell library contained the following spells:

 Spells                   Type           Power      Damage    Failure   Level
 Summon Small Mammal      Summ           0%         N/A       47%         1
 Blink                    Tloc           0%         N/A       63%         2
 Ensorcelled Hibernation  Hex/Ice        0%         N/A       63%         2
 Lesser Beckoning         Tloc           0%         N/A       63%         2
 Momentum Strike          Conj/Tloc      0%         3d8       63%         2
 Passwall                 Alch/Erth      0%         N/A       63%         2
 Call Canine Familiar     Summ           0%         N/A       85%         3
 Summon Guardian Golem    Hex/Summ       0%         N/A       85%         3
 Swiftness                Air            0%         N/A       85%         3


Dungeon Overview and Level Annotations

Branches:
Dungeon (4/15)
 Temple: D:4-7

Altars:
Nemelex Xobeh
Xom


Innate Abilities, Weirdness & Mutations

You have a pair of small antennae on your head.
You have large cloven feet.


Message History

The orc wizard is lightly wounded.
The goblin closely misses you.
The orc wizard hits you with a +0 dagger.
The orc misses you.
You closely miss the orc wizard. You kick the orc wizard.
The orc wizard is moderately wounded.
The orc barely misses you. The goblin hits you with a +0 club.
The orc wizard hits you but does no damage.
You hit the orc wizard. Your kick misses the orc wizard.
The orc wizard is moderately wounded.
The orc misses you. The goblin hits you but does no damage.
The orc wizard hits you but does no damage.
You hit the orc wizard but do no damage.
You kick the orc wizard.
The orc wizard is heavily wounded.
The orc barely misses you.
The orc wizard hits you but does no damage.
The goblin misses you.
You barely miss the orc wizard.
The orc wizard is heavily wounded.
The orc hits you with a +2 war axe of electrocution.
The orc wizard points at you and mumbles some strange words.
The puff of flame hits you. The goblin closely misses you. x2
The orc wizard closely misses you.
The orc hits you with a +2 war axe of electrocution.
You are electrocuted!
* * * LOW HITPOINT WARNING * * *
You hit the orc wizard.
The orc wizard is almost dead.
The orc misses you. The goblin barely misses you.
The orc wizard gestures at you while chanting.
You resist with some effort.
Unknown command.
You hit the orc wizard but do no damage.
You kick the orc wizard. Your punch misses the orc wizard.
The orc wizard is almost dead.
The goblin barely misses you.
The orc wizard hits you but does no damage.
The orc hits you with a +2 war axe of electrocution.
You die...

####.##....# #####
###....##....# #....
#......##....#####....
#......###............
#....................#
#...##...............#
#..................###
##.....###.........###
#...@g# ##...........
###.oo...###.........
#......# #.........
#......# ..........
#........ g.....(.
#......... .######'
#..>...... ........
#......#.. ........
........


You could see an orc wizard, an orc and a goblin.

Vanquished Creatures
  A bombardier beetle (D:4)
  An iguana (D:4)
  7 adders
  3 worms
  A dart slug (D:2)
  7 orcs
  9 bats
  3 endoplasms
  6 goblins
  5 hobgoblins
  8 jackals
  4 quokkas (D:3)
  10 ball pythons
  2 frilled lizards (D:1)
  8 kobolds
  6 rats
81 creatures vanquished.

Notes
Turn   | Place    | Note
-------+----------+-------------------------------------------
     0 | D:1      | grandjackal the Demonspawn Gladiator began the quest for
                  | the Orb.
     0 | D:1      | Reached XP level 1. HP: 16/16 MP: 1/1
   184 | D:1      | Discovered your monstrous ancestry.
   184 | D:1      | Gained mutation: You have a pair of small antennae on your
                  | head. [demonic ancestry]
   184 | D:1      | Reached XP level 2. HP: 16/22 MP: 2/2
   927 | D:2      | Reached XP level 3. HP: 23/28 MP: 3/3
   977 | D:2      | Found a sparkling altar of Nemelex Xobeh.
  1339 | D:2      | Found a faded altar of an unknown god.
  1608 | D:3      | Gained mutation: You have large cloven feet. [demonic
                  | ancestry]
  1608 | D:3      | Reached XP level 4. HP: 35/35 MP: 4/4
  2180 | D:3      | Reached XP level 5. HP: 42/42 MP: 5/5
  2532 | D:4      | Found a sparkling altar of Nemelex Xobeh.
  2545 | D:4      | Found a shimmering altar of Xom.
  2666 | D:4      | HP: 1/42 [orc/+2 war axe of electrocution (16)]
  2668 | D:4      | Slain by an orc

Illustrated notes

Levels and vault maps discovered:
D:1:      minmay_arrival_glassed_features, layout_basic,
          chequers_serial_rivers_small_3, nicolae_concentric_dashed_squares_wild
D:2:      layout_basic, nicolae_ecumenical_oubliette, basic_altar
D:3:      layout_loops_cross
D:4:      kennysheep_kobold_camp, layout_basic,
          mainiacjoe_overflow_tiny_flanked, old_standard_altar,
          minmay_fractal_squares_gapless_5

Skill      XL: |  1  2  3  4  5 |
---------------+----------------+-----
Throwing       | 2 |  2.0
Long Blades    | 3 4 |  4.4
Dodging        | 3 |  3.0
Fighting       | 3 4 |  4.2

Action                     |  1- 3 |  4- 6 || total
---------------------------+-------+-------++-------
  Melee: Long sword        |   118 |   100 ||   218
         Kick              |       |    26 ||    26
   Stab: Sleeping          |       |     2 ||     2
 Armour: Scale mail        |    94 |    26 ||   120
         Leather armour    |     3 |    43 ||    46
  Dodge: Dodged            |    93 |    71 ||   164

Table legend: (Time is in decaauts)
 A = Elapsed time spent in this place.
 B = Non-inter-level travel time spent in this place.
 C = Inter-level travel time spent in this place.
 D = Time resting spent in this place.
 E = Time spent auto-exploring this place.
 F = Levels seen in this place.
 G = Mean time per level.
                   A        B        C        D        E       F      G
               +--------+--------+--------+--------+--------+-----+--------+
         Total |   2722 |   2666 |     56 |      0 |   2135 |   4 |  680.5 |
       Dungeon |   2722 |   2666 |     56 |      0 |   2135 |   4 |  680.5 |
               +--------+--------+--------+--------+--------+-----+--------+

Top non-repeatable levels by time:
     D:2: 919 daAuts
     D:3: 810 daAuts
     D:1: 662 daAuts
     D:4: 330 daAuts
